[Event "Polish Youth Ekstraliga 2022"]
[Site "Lublin"]
[Date "2022.06.27"]
[Round "3.2"]
[White "Ochedzan, Tymon"]
[Black "Meers, Hubert"]
[Result "1-0"]
[ECO "B06"]
[WhiteElo "2261"]
[BlackElo "2013"]
[Annotator "TA"]
[PlyCount "119"]
[EventDate "2022.06.24"]
[EventType "team-tourn"]
[EventCountry "POL"]
[SourceTitle "playchess.com"]
[Source "ChessBase"]
[SourceQuality "1"]
[TimeControl "40/5400+30:1800+30"]

1. e4 g6 2. d4 Bg7 3. Nc3 c6 4. f4 d5 5. e5 Nh6 6. Be2 f6 {[%emt 0:01:27] B15: Caro-Kann: 3 Nc3: 3...g6 and 3...dxe4 4 Nxe4 Nf6 5 Nxf6+ exf6.} 7. Be3 Qb6 8. Na4 Qa5+ {[%emt 0:01:16] White is slightly better.} 9. c3 O-O 10. Nf3 Nd7 11. b4 Qc7 {[%emt 0:00:14][%cal Og6g5] [#]} 12. c4 $146 (12. O-O $16) ({Predecessor:} 12. O-O b5 13. Nb2 Nb6 14. a4 Nc4 15. Nxc4 bxc4 16. a5 Bg4 17. h3 Bxf3 18. Bxf3 {½-½ (48) Gaponenko,I (2428)-Khotenashvili,B (2452) Khanty-Mansiysk 2017}) 12... Nb6 13. Nxb6 Qxb6 14. Qb3 Be6 15. c5 Qc7 16. O-O a6 17. h3 Qd7 18. a4 Nf7 (18... Nf5 $14) 19. b5 (19. Rf2 $16) 19... Rfb8 (19... axb5 $14 20. axb5 g5) 20. Rfb1 Qc8 (20... axb5 $142 21. axb5 Qd8) 21. bxa6 bxa6 22. Qc3 {[%emt 0:00:20] White is more active.} Bf5 23. Rb6 Rxb6 24. cxb6 a5 25. g4 Bd7 26. Rb1 Nd8 27. Ne1 f5 (27... c5 $16) 28. g5 e6 29. Nd3 Bf8 30. Bc1 Nb7 31. Ba3 {[%emt 0:01:03] Inhibits c5.} Bxa3 32. Qxa3 Qe8 33. Qc3 Kg7 (33... Qe7 $142 34. h4 Be8) 34. Kf2 Qe7 35. h4 Qd8 (35... Be8 $142 36. Ke3 Kf8) 36. h5 $18 Qe7 37. Rh1 {[%emt 0:03:25] [#] Black must now prevent hxg6.} Qd8 $2 (37... Kg8 38. hxg6 hxg6) 38. hxg6 hxg6 39. Nc5 Bc8 40. Qh3 Qg8 {[%emt 0:00:00] Against Qh7+} 41. Qh6+ Kf7 42. Qh8 Qxh8 43. Rxh8 {[%emt 0:00:06] Strongly threatening Nxb7.} Kg7 {[%emt 0:03:17] [#]} 44. Rxc8 $1 Rxc8 45. Nxb7 Rb8 46. Nxa5 {[%emt 0:00:16] Intending b7 and mate.} Rxb6 47. Ke3 Kf7 48. Kd2 $2 (48. Bd1 $18 {and White stays clearly on top.}) 48... Ke7 $2 {[%emt 0:01:04] Loses the game.} (48... Rb4 $16) 49. Kc3 Kd8 50. Nb3 Rb7 51. a5 Re7 52. Nc5 Kc7 53. Kb4 Re8 54. Na6+ Kb7 55. Kc5 {[%emt 0:01:14] Kd6 would kill now.} Rh8 56. Kd6 Rh2 57. Bd3 Ra2 58. Nc5+ Ka7 59. Kxe6 Rxa5 60. Kf6 {[%emt 0:00:57] Weighted Error Value: White=0.30/Black=0.53} (60. Kf7 $142 Kb6 61. Kxg6) 1-0

[Event "Polish Youth Ekstraliga 2022"]
[Site "Lublin"]
[Date "2022.06.27"]
[Round "3.3"]
[White "Zielonka, Adam"]
[Black "Jaworski, Tymon"]
[Result "1-0"]
[ECO "C92"]
[WhiteElo "1988"]
[BlackElo "1628"]
[Annotator "RC"]
[PlyCount "61"]
[EventDate "2022.06.24"]
[EventType "team-tourn"]
[EventCountry "POL"]
[SourceTitle "playchess.com"]
[Source "ChessBase"]
[SourceQuality "1"]
[TimeControl "40/5400+30:1800+30"]

1. e4 e5 2. Nf3 Nc6 3. Bb5 a6 4. Ba4 Nf6 5. O-O Be7 6. Re1 b5 7. Bb3 d6 8. c3 O-O 9. h3 Bb7 10. d4 Re8 11. Nbd2 Bf8 12. a3 h6 13. Bc2 d5 14. dxe5 Nxe5 15. Nxe5 Rxe5 16. f4 Bc5+ 17. Kh1 Re8 18. e5 Nd7 19. Nf3 Nf8 20. f5 d4 21. cxd4 Bxf3 22. Qxf3 Qxd4 23. Bf4 Qf2 24. Be4 Rab8 25. Rac1 Qxf3 26. Bxf3 Bb6 27. b4 g6 28. g4 Kg7 29. Bc6 Red8 30. e6 fxe6 31. fxe6 1-0

[Event "Polish Youth Ekstraliga 2022"]
[Site "Lublin"]
[Date "2022.06.27"]
[Round "3.4"]
[White "Ochedzan, Filip"]
[Black "Liskiewicz, Jakub"]
[Result "0-1"]
[ECO "B02"]
[WhiteElo "1873"]
[BlackElo "1839"]
[Annotator "NA RC"]
[PlyCount "128"]
[EventDate "2022.06.24"]
[EventType "team-tourn"]
[EventCountry "POL"]
[SourceTitle "playchess.com"]
[Source "ChessBase"]
[SourceQuality "1"]
[TimeControl "40/5400+30:1800+30"]

1. e4 Nf6 2. e5 Nd5 3. Nc3 Nxc3 4. dxc3 g6 5. Bf4 Bg7 6. Nf3 d6 7. h3 O-O 8. Bc4 Nc6 9. exd6 cxd6 10. O-O Na5 11. Be2 (11. Bd5 $11) 11... e5 12. Bg5 Qc7 13. Qd2 Be6 14. Bh6 Rfe8 15. Bxg7 Kxg7 16. Rfe1 Rad8 17. b3 d5 18. Bb5 Bd7 19. Bxd7 ({Avoid the trap} 19. Qxd5 $2 Bf5 20. Bxe8 Rxd5 $19) 19... Rxd7 20. Rad1 e4 (20... Nc6 $15) 21. Nd4 Rc8 {[%emt 0:04:13] [#]} (21... Nc6 $11 {keeps the balance.}) 22. Re3 (22. c4 $1 $16) 22... Nc6 23. c4 Rcd8 24. Nxc6 Qxc6 25. Qd4+ Kg8 26. c5 f5 27. f4 (27. b4 $11 {deserves consideration.}) 27... Kf7 28. Kh1 (28. b4 $11 {remains equal.}) 28... Qf6 29. c3 Qh4 30. Rf1 h6 31. Kh2 Qf6 32. g4 Ke6 33. gxf5+ Qxf5 34. Kg2 Qf6 35. Rg3 Rf8 36. Qe3 Kf5 {[%emt 0:01:32] [#]} (36... Qf5 $11) 37. Kh2 (37. Rg5+ $1 $16 Ke6 38. Re5+ Kf7 39. Qd4) 37... Qa6 $2 {[%emt 0:02:48] [#]} (37... Ke6 $11 {and Black has nothing to worry.}) 38. Rfg1 $2 (38. Qd4 $1 $18 g5 (38... Re8 39. Rfg1) 39. Rf2 (39. c6 Qxf1 40. cxd7 Kg6 $11) 39... gxf4 40. Rg4 (40. Qd1 Rf6 $14)) 38... Qxa2+ $2 (38... Rg8 $1 $14) 39. R1g2 Qa6 40. Qd4 Re8 41. Qd1 Rg7 42. Qxd5+ $2 (42. Rd2 $18 {is the precise move to win.} Kf6 43. Rxd5 (43. Qg4 Qe6 $11)) 42... Kf6 43. f5 g5 44. Rf2 Rge7 45. Qd4+ Re5 $1 46. h4 Qc6 47. hxg5+ hxg5 48. Rh3 Qxc5 49. Rh6+ Kg7 50. Rg6+ Kf7 51. Qd7+ R8e7 52. Rg7+ Kxg7 53. f6+ Kg6 54. fxe7 Qxf2+ 55. Kh1 Qf1+ (55... Qf7 $142 56. Kg2 Rxe7 57. Qd6+ Qe6 58. Qxe6+ Rxe6 59. Kf2 e3+ 60. Ke2 g4 61. b4 g3 62. b5 g2 63. Kd3 e2 64. Kd4 g1=Q+ 65. Kc4 e1=Q 66. Kb4 Qb1+ 67. Kc4 Re5 68. b6 Qg4#) 56. Kh2 Qf7 57. Qd6+ Re6 58. e8=Q Qxe8 59. Qd5 Qh8+ 60. Kg2 Qe5 61. Qxb7 e3 62. Qa8 Qe4+ 63. Qxe4+ Rxe4 64. Kg1 Kf5 0-1

[Event "Polish Youth Ekstraliga 2022"]
[Site "Lublin"]
[Date "2022.06.27"]
[Round "3.5"]
[White "Zabrzanska, Weronika"]
[Black "Lochina, Justyna"]
[Result "1-0"]
[ECO "B22"]
[WhiteElo "1882"]
[BlackElo "1672"]
[Annotator "NA RC"]
[PlyCount "43"]
[EventDate "2022.06.24"]
[EventType "team-tourn"]
[EventCountry "POL"]
[SourceTitle "playchess.com"]
[Source "ChessBase"]
[SourceQuality "1"]
[TimeControl "40/5400+30:1800+30"]

1. e4 c5 2. c3 d5 3. exd5 Qxd5 4. d4 g6 5. Nf3 Bg7 6. Be2 cxd4 7. cxd4 Nc6 (7... Nf6 $11) 8. Nc3 Qa5 9. d5 Nb4 10. Bb5+ Kf8 11. a3 Bf5 {[%emt 0:20:20] [#]} 12. axb4 $1 Qxa1 13. O-O a6 14. Bc4 a5 15. b5 a4 {[%emt 0:00:30] [#]} 16. Ba2 $2 (16. d6 $1 $18 {and the rest is easy.} a3 17. d7) 16... a3 17. Qb3 Bd3 {[%emt 0:01:44] [#]} 18. d6 $1 e6 19. Rd1 Be2 20. d7 Bxd1 (20... Bxc3 $18 21. Bh6+ Nxh6 22. Rxa1 axb2) 21. Qxa3+ Ne7 22. Qxa8+ 1-0

[Event "Polish Youth Ekstraliga 2022"]
[Site "Lublin"]
[Date "2022.06.27"]
[Round "3.6"]
[White "Smietanska, Wiktoria"]
[Black "Polakiewicz, Blanka"]
[Result "1-0"]
[ECO "B42"]
[WhiteElo "1879"]
[BlackElo "1151"]
[Annotator "NA RC"]
[PlyCount "115"]
[EventDate "2022.06.24"]
[EventType "team-tourn"]
[EventCountry "POL"]
[SourceTitle "playchess.com"]
[Source "ChessBase"]
[SourceQuality "1"]
[TimeControl "40/5400+30:1800+30"]

1. e4 c5 2. Nf3 e6 3. d4 cxd4 4. Nxd4 a6 5. Bd3 Qc7 6. Qe2 d6 7. O-O Nf6 8. f4 Nbd7 9. c4 Be7 10. Nc3 O-O 11. Be3 b6 12. Rac1 {[%emt 0:03:41] 12.Rac1 is better than 12.g4.} Bb7 13. f5 e5 14. Nb3 Rac8 15. g4 h6 {[%emt 0:05:11] [#]} 16. Qg2 $146 ({Predecessor:} 16. Nd5 Qd8 17. Nd2 Nh7 18. Nxe7+ Qxe7 19. Nf3 Nc5 20. Bf2 Ng5 21. Nxg5 Qxg5 {0-1 (47) Sheynin,I (2171)-Guzenko,A (2088) St Petersburg 2008}) 16... Nc5 17. Nxc5 dxc5 {[%emt 0:02:12] [#]} 18. Qh3 (18. g5 $1 $16 hxg5 19. Bxg5 (19. Nd5 Qd8 $11)) 18... Nh7 19. Qg3 Bg5 20. Bxg5 hxg5 21. Qh3 Qd6 22. Nd5 Bxd5 23. cxd5 a5 24. Kg2 Qh6 25. Qf3 Qh4 26. h3 Nf6 27. Bb5 Qh6 {[%emt 0:09:07] [#]} (27... Rcd8 $16 28. Rc3 Rd6) 28. Rh1 (28. d6 $1 $18) 28... Qh4 29. b3 (29. d6 $18) 29... Rfd8 30. Rhe1 Nd7 31. Qc3 f6 32. Qc4 Kh8 33. Rcd1 (33. d6 $142) 33... Nb8 34. Qa4 Kh7 35. Re3 Rd6 36. Be8 Kg8 37. Rh1 Rcd8 38. Qb5 Kh7 (38... Nd7 $16) 39. Bf7 Kh8 40. Qe2 Kh7 41. Qc4 Rc8 42. a3 Rcd8 43. Be6 Kh8 44. Rc1 Kh7 45. b4 axb4 46. axb4 cxb4 47. Ra1 $2 (47. Qb5 $18 {is the precise move to win.}) 47... Nd7 48. Qxb4 Nc5 49. Ra7 Qh6 50. Bf7 Kh8 51. Rea3 Qh4 52. Ra8 $2 (52. Bg6 Rc8 53. Ra8) 52... Kh7 53. Bg6+ Kh8 54. Rxd8+ Rxd8 55. Qxb6 Rc8 {[%emt 0:00:36] [#]} 56. Qxc5 $3 Rxc5 57. Ra8+ Rc8 58. Rxc8# 1-0

[Event "Polish Youth Ekstraliga 2022"]
[Site "Lublin"]
[Date "2022.06.27"]
[Round "3.8"]
[White "Grzadka, Artur"]
[Black "Zdybel, Przemyslaw"]
[Result "0-1"]
[ECO "A15"]
[WhiteElo "1718"]
[BlackElo "2037"]
[Annotator "NA RC"]
[PlyCount "74"]
[EventDate "2022.06.24"]
[EventType "team-tourn"]
[EventCountry "POL"]
[SourceTitle "playchess.com"]
[Source "ChessBase"]
[SourceQuality "1"]
[TimeControl "40/5400+30:1800+30"]

1. c4 Nf6 2. g3 g6 3. Bg2 Bg7 4. Nc3 O-O 5. d3 d6 6. e4 c5 7. Nge2 Nc6 8. O-O a6 9. h3 Rb8 10. a4 Ne8 11. Be3 Nd4 12. Rb1 Nc7 13. b4 Nce6 14. b5 axb5 15. axb5 Ra8 16. Qd2 Qa5 17. Rfc1 Nxe2+ $1 18. Nxe2 Qxd2 19. Bxd2 Ra2 20. Rd1 b6 21. Kf1 f5 22. exf5 Rxf5 23. Be4 Rf8 24. Bd5 Kh8 25. h4 Nd4 (25... Nc7 $19 26. Be3 Nxd5 27. cxd5 Bh3+ 28. Ke1 Bg2) 26. Nc1 (26. Nxd4 $17 Bxd4 27. f3) 26... Rc2 27. Ne2 Bg4 28. Nxd4 Bxd4 29. f3 Bxf3 30. Bxf3 Rxf3+ 31. Ke1 Rxg3 32. Rbc1 Rxc1 (32... Ra2 $142 33. Ke2 Rg2+ 34. Kf1 Rf2+ 35. Ke1 Rh2) 33. Bxc1 Rh3 34. Bg5 $19 Kg7 35. Kd2 Rh2+ 36. Ke1 Bf6 37. Bxf6+ Kxf6 0-1

[Event "Polish Youth Ekstraliga 2022"]
[Site "Lublin"]
[Date "2022.06.27"]
[Round "3.9"]
[White "Mulawa, Cyprian"]
[Black "Przybylski, Jan"]
[Result "1-0"]
[ECO "E09"]
[WhiteElo "2050"]
[BlackElo "1694"]
[Annotator "RC"]
[PlyCount "67"]
[EventDate "2022.06.24"]
[EventType "team-tourn"]
[EventCountry "POL"]
[SourceTitle "playchess.com"]
[Source "ChessBase"]
[SourceQuality "1"]
[TimeControl "40/5400+30:1800+30"]

1. d4 d5 2. Nf3 Nf6 3. c4 e6 4. g3 Be7 5. Bg2 O-O 6. O-O c6 7. Qc2 Nbd7 8. Nbd2 b6 9. e4 Bb7 10. e5 Ne8 11. b3 Nc7 12. Bb2 Rc8 13. Rad1 c5 14. Qb1 f6 15. exf6 Bxf6 16. dxc5 bxc5 17. Bxf6 Qxf6 18. cxd5 exd5 19. a4 Na6 20. Rfe1 Rce8 21. Rxe8 Rxe8 22. Re1 Ne5 23. Nxe5 Rxe5 24. Nc4 Rxe1+ 25. Qxe1 Bc6 26. Na5 Nb4 27. Nxc6 Qxc6 28. Qe7 a6 29. Bh3 h6 30. Qd8+ Kf7 31. Bd7 Qd6 32. Be8+ Ke6 33. Bf7+ Ke5 34. f4+ 1-0

[Event "Polish Youth Ekstraliga 2022"]
[Site "Lublin"]
[Date "2022.06.27"]
[Round "3.10"]
[White "Terkiewicz, Bruno"]
[Black "Suska, Szymon"]
[Result "0-1"]
[ECO "A53"]
[WhiteElo "1320"]
[BlackElo "1604"]
[Annotator "NA RC"]
[PlyCount "64"]
[EventDate "2022.06.24"]
[EventType "team-tourn"]
[EventCountry "POL"]
[SourceTitle "playchess.com"]
[Source "ChessBase"]
[SourceQuality "1"]
[TimeControl "40/5400+30:1800+30"]

1. d4 Nf6 2. c4 d6 3. Nf3 Nbd7 4. Nc3 e5 5. e3 Be7 6. g3 O-O 7. Bg2 c6 8. Qc2 Qc7 9. O-O b6 10. b3 Bb7 11. Bb2 Rac8 12. Nh4 Rfe8 13. Rfe1 Bf8 14. f4 g6 15. Rad1 a6 16. e4 b5 17. c5 exd4 18. cxd6 Bxd6 19. Ne2 Bb4 20. Nxd4 Bxe1 21. Rxe1 c5 22. Ndf5 c4 23. Nh6+ Kg7 24. e5 c3 25. N4f5+ gxf5 26. Qxf5 Qb6+ 27. Kh1 Bxg2+ 28. Kxg2 Qc6+ 29. Kh3 Ng8 30. Qxf7+ Kh8 31. Bxc3 Qxh6+ 32. Kg2 Qe6 0-1

[Event "Polish Youth Ekstraliga 2022"]
[Site "Lublin"]
[Date "2022.06.27"]
[Round "3.11"]
[White "Rejniak, Zuzanna"]
[Black "Bukala, Weronika"]
[Result "0-1"]
[ECO "A04"]
[WhiteElo "1804"]
[BlackElo "1827"]
[Annotator "NA RC"]
[PlyCount "56"]
[EventDate "2022.06.24"]
[EventType "team-tourn"]
[EventCountry "POL"]
[SourceTitle "playchess.com"]
[Source "ChessBase"]
[SourceQuality "1"]
[TimeControl "40/5400+30:1800+30"]

1. Nf3 c5 2. g3 Nc6 3. Bg2 g6 4. c4 Bg7 5. O-O Nf6 6. d4 cxd4 7. Nxd4 O-O 8. Nc2 d6 9. Nc3 Nd7 10. Bd2 a5 11. b3 Nc5 12. Rb1 Bf5 13. Nd5 (13. e4 $14 Bd7 14. Ne3) 13... Nb4 14. e4 Bxe4 (14... Nxe4 $17 15. Bxb4 axb4) 15. Bxe4 Nxe4 16. Ncxb4 Nxd2 17. Qxd2 axb4 18. Qxb4 e6 19. Nb6 Rxa2 20. Rbd1 $17 Be5 21. f4 $2 (21. Qb5 $17 {was called for.}) 21... Bf6 22. Rxd6 Qc7 23. Rfd1 Be7 24. Nd7 Rd8 25. Qb6 Qxb6+ 26. Rxb6 Bc5+ 27. Kh1 Bxb6 28. c5 Bc7 0-1

[Event "Polish Youth Ekstraliga 2022"]
[Site "Lublin"]
[Date "2022.06.27"]
[Round "3.13"]
[White "Dzida, Kamil"]
[Black "Kutowski, Marcel"]
[Result "1/2-1/2"]
[ECO "B90"]
[WhiteElo "2294"]
[BlackElo "1954"]
[Annotator "TA"]
[PlyCount "87"]
[EventDate "2022.06.24"]
[EventType "team-tourn"]
[EventCountry "POL"]
[SourceTitle "playchess.com"]
[Source "ChessBase"]
[SourceQuality "1"]
[TimeControl "40/5400+30:1800+30"]

1. e4 c5 2. Nf3 d6 3. d4 cxd4 4. Nxd4 Nf6 5. Nc3 a6 6. h3 e5 7. Nde2 Be7 8. g4 {[%emt 0:00:10] B90: Sicilian Najdorf: Unusual White 6th moves, 6 Be3 Ng4 and 6 Be3 e5.} Be6 9. Bg2 O-O 10. Ng3 {[%emt 0:00:10] White is slightly better. is the legacy move (10.0-0).} b5 11. O-O Nbd7 12. a4 b4 13. Nd5 {[%emt 0:00:02] [#]} a5 $146 (13... Bxd5 $11 {keeps the balance.} 14. exd5 a5) ({Predecessor:} 13... Bxd5 14. exd5 Nc5 15. a5 Re8 16. Be3 Qc7 17. g5 Nfd7 18. h4 Rab8 19. b3 Rb5 {1-0 (36) Piorun,K (2517)-Dabrowski,G (2094) Wroclaw 2014}) 14. Be3 {[%emt 0:04:56] White is more active.} (14. Nxe7+ $16 Qxe7 15. Nf5 Bxf5 16. exf5) 14... Rc8 15. g5 Ne8 (15... Nxd5 $2 16. exd5 Kh8 17. h4 $18) 16. h4 ({White should try} 16. Nf5 $14 Bxd5 17. Nxe7+ (17. exd5 Bxg5 18. f4 exf4 $17) 17... Qxe7 18. Qxd5) 16... Bxd5 17. exd5 (17. Qxd5 $11 g6 18. Rfc1) 17... f5 $1 $17 18. f4 g6 19. Qd2 Qc7 (19... h6 $5) 20. Rac1 Bd8 21. Rfd1 (21. c3 $11 bxc3 22. Rxc3) 21... Qb8 22. Ne2 Bb6 23. Kh2 (23. c3 $17 {keeps fighting.}) 23... Rf7 24. fxe5 dxe5 25. d6 Bxe3 26. Qxe3 e4 ({Inferior is} 26... Nxd6 27. Bd5 $11) 27. Qf4 Rc6 (27... Ng7 $19 {Strongly threatening ...Ne6.} 28. Kh1 Qa7) 28. Rd5 {[%emt 0:01:59] [#]} Rxd6 (28... Nxd6 29. Rcd1 Nc4 30. Qxb8+ (30. Rxd7 Qxf4+ 31. Nxf4 Nxb2 $14) 30... Nxb8 31. Rd8+ Rf8 32. Rxf8+ Kxf8 33. Rd8+ Kf7 34. Rxb8 $16) ({Black should play} 28... Ng7 $1 $17 {[%cal Rg7h5] aiming for ...Nh5.} 29. Nd4 Rc4) 29. Rcd1 $1 $15 Rxd5 30. Rxd5 $2 (30. Qxb8 $1 $15 Nxb8 31. Rxd5) 30... Nc7 $19 31. Rd6 Qe8 32. Nd4 Ne5 33. Bf1 $2 (33. Kh1 {was worth a try.} Re7 34. Bf1) 33... Qe7 34. Rb6 Nd5 {[%emt 0:01:09] Pair of Knights!} 35. Rb8+ Rf8 36. Rxf8+ Kxf8 37. Qg3 Qd6 {[%emt 0:06:42][%cal Od5e3] And now ...Ne3! would win.} 38. Bb5 Ng4+ 39. Kg2 $2 {[%emt 0:00:05] [#]} (39. Kh3 Ne5 40. Ne2) 39... Nde3+ $2 (39... f4 $1 40. Qxg4 Ne3+ 41. Kh3 Nxg4 42. Kxg4 Qxd4 43. Kxf4 Qxb2 44. Kxe4 Qxc2+ 45. Kd4 Qc3+ 46. Ke4 Qe1+ 47. Kd4 Qc3+ 48. Kd5 b3 49. Bc4 b2 50. Ba2 Qb4 51. Ke5 Qxa4 52. Bb1 Qa1 53. h5 Qxb1 54. hxg6 hxg6 55. Kd5 Qd3+ 56. Ke5 b1=Q 57. Kf4 Qbf1+ 58. Kg4 Qdh3#) 40. Kh3 Qxd4 (40... Ke7 $19 {Hoping for ...f4.} 41. Nc6+ Ke6 42. Qxd6+ Kxd6 43. Nxa5 Nxc2) 41. Qb8+ $11 {[%emt 0:00:20] The position is equal.} Ke7 42. Qe8+ Kd6 43. Qd7+ Ke5 44. Qg7+ {[%emt 0:01:06] Weighted Error Value: White=0.50/Black=0.52} 1/2-1/2

[Event "Polish Youth Ekstraliga 2022"]
[Site "Lublin"]
[Date "2022.06.27"]
[Round "3.14"]
[White "Wilk, Igor"]
[Black "Koziorowicz, Michal"]
[Result "0-1"]
[ECO "A52"]
[WhiteElo "1824"]
[BlackElo "2231"]
[Annotator "RC"]
[PlyCount "134"]
[EventDate "2022.06.24"]
[EventType "team-tourn"]
[EventCountry "POL"]
[SourceTitle "playchess.com"]
[Source "ChessBase"]
[SourceQuality "1"]
[TimeControl "40/5400+30:1800+30"]

1. d4 Nf6 2. c4 e5 3. dxe5 Ng4 4. Bf4 g5 5. Bg3 Nc6 6. Nf3 Bg7 7. Nc3 Ngxe5 8. Nxe5 Nxe5 9. e3 d6 10. Be2 Be6 11. f4 gxf4 12. exf4 Ng6 13. O-O f5 14. Bf3 c6 15. Re1 Kf7 16. Qd3 Re8 17. Rad1 Qb6+ 18. Bf2 Qxb2 19. Ne2 Rad8 20. Rb1 Qxa2 21. Rxb7+ Kg8 22. Bd4 Bf8 23. Rc1 d5 24. cxd5 Bxd5 25. Rxa7 Qb3 26. Qxb3 Bxb3 27. Bb6 Rb8 28. Bc7 Rb4 29. Ng3 Rc4 30. Rxc4 Bxc4 31. Bb6 Nxf4 32. Nxf5 Re5 33. Ne3 Bb5 34. Bd4 Re8 35. Ng4 Re1+ 36. Kf2 Nd3+ 37. Kg3 Bd6+ 38. Kh4 Re7 39. Nh6+ Kf8 40. Ra8+ Re8 41. Bg7+ Kxg7 42. Rxe8 Bxh2 43. Ng4 Bd6 44. Re6 Bf8 45. Bxc6 Nf4 46. Rh6 Be2 47. Be4 Ng6+ 48. Bxg6 hxg6 49. Rxg6+ Kxg6 50. Nf2 Be7+ 51. Kg3 Bd6+ 52. Kh4 Bb4 53. Nh3 Be1+ 54. g3 Kf5 55. Nf4 Bf1 56. Nh5 Bf2 57. Nf4 Bb6 58. Nd5 Bd8+ 59. Kh5 Be2+ 60. Kh6 Bg5+ 61. Kg7 Bd2 62. Nf4 Bc4 63. Nh5 Kg5 64. Nf4 Be1 65. Ng2 Bxg3 66. Ne3 Bb3 67. Ng2 Bf2 0-1

[Event "Polish Youth Ekstraliga 2022"]
[Site "Lublin"]
[Date "2022.06.27"]
[Round "3.15"]
[White "Raczek, Krzysztof"]
[Black "Bartoszczuk, Adam"]
[Result "1-0"]
[ECO "A05"]
[WhiteElo "2114"]
[BlackElo "1662"]
[Annotator "RC"]
[PlyCount "97"]
[EventDate "2022.06.24"]
[EventType "team-tourn"]
[EventCountry "POL"]
[SourceTitle "playchess.com"]
[Source "ChessBase"]
[SourceQuality "1"]
[TimeControl "40/5400+30:1800+30"]

1. Nf3 Nf6 2. c4 g6 3. g3 Bg7 4. Bg2 O-O 5. O-O c6 6. d4 d5 7. Nbd2 Bf5 8. b3 Nbd7 9. Bb2 a5 10. Rc1 a4 11. b4 a3 12. Ba1 Nb6 13. c5 Na4 14. Nh4 Nb2 15. Qb3 Nc4 16. Nxc4 dxc4 17. Qxc4 Be6 18. Qc2 Nd5 19. Rb1 Qb8 20. b5 Qa7 21. e4 Nf6 22. bxc6 bxc6 23. Rfc1 Rfb8 24. Rxb8+ Rxb8 25. Nf3 Qb7 26. h3 Bh6 27. Rd1 Qb4 28. Ne5 Qb7 29. Nxc6 Qxc6 30. d5 Qa6 31. dxe6 Qxe6 32. c6 Rc8 33. e5 Ne8 34. Rd3 Bg7 35. Qb3 Qf5 36. Rf3 Qe6 37. Qxe6 fxe6 38. Rxa3 Nc7 39. f4 Nd5 40. Bxd5 exd5 41. Rc3 d4 42. Rc4 d3 43. Bc3 e6 44. Kf2 Kf7 45. Ke3 Bf8 46. a4 Ke8 47. Kxd3 Kd8 48. Ba5+ Ke8 49. Ke4 1-0

[Event "Polish Youth Ekstraliga 2022"]
[Site "Lublin"]
[Date "2022.06.27"]
[Round "3.16"]
[White "Kaszuba, Michal"]
[Black "Grzebieniowski, Michal"]
[Result "1/2-1/2"]
[ECO "B13"]
[WhiteElo "1307"]
[BlackElo "1635"]
[Annotator "NA RC"]
[PlyCount "66"]
[EventDate "2022.06.24"]
[EventType "team-tourn"]
[EventCountry "POL"]
[SourceTitle "playchess.com"]
[Source "ChessBase"]
[SourceQuality "1"]
[TimeControl "40/5400+30:1800+30"]

1. e4 c6 2. d4 d5 3. exd5 cxd5 4. Bd3 g6 5. h3 Bg7 6. c3 Bf5 7. Bxf5 gxf5 8. Nf3 e6 9. O-O Nf6 10. Ne5 O-O 11. Bg5 Qc7 12. Bxf6 Bxf6 13. f4 Bg7 14. Qe2 Nd7 15. Nxd7 Qxd7 16. Nd2 b5 17. Nb3 Kh8 18. Nc5 Qc6 19. b4 Bf6 20. a4 a6 21. axb5 axb5 22. Qb2 Be7 23. g3 Rg8 24. Kh2 Bd6 25. Rxa8 Rxa8 26. Ra1 Rg8 27. Qe2 Qc7 28. Qe3 Qb8 29. Ra5 Rg6 30. Nd7 Qb7 31. Nc5 Qb8 32. Nd7 Qb7 33. Nc5 Qb8 1/2-1/2

[Event "Polish Youth Ekstraliga 2022"]
[Site "Lublin"]
[Date "2022.06.27"]
[Round "3.17"]
[White "Siekanska, Maria"]
[Black "Goraj, Barbara"]
[Result "0-1"]
[ECO "E95"]
[WhiteElo "1964"]
[BlackElo "2035"]
[Annotator "NA RC"]
[PlyCount "94"]
[EventDate "2022.06.24"]
[EventType "team-tourn"]
[EventCountry "POL"]
[SourceTitle "playchess.com"]
[Source "ChessBase"]
[SourceQuality "1"]
[TimeControl "40/5400+30:1800+30"]

1. d4 Nf6 2. c4 g6 3. Nc3 Bg7 4. e4 d6 5. Nf3 O-O 6. Be2 Nbd7 7. O-O e5 8. Re1 Re8 9. d5 Nc5 10. Bf1 a5 11. Bg5 h6 12. Bd2 Nh5 13. g3 Bg4 14. h3 Bd7 15. b3 Kh7 16. Kh2 b6 17. Bg2 Bf6 (17... Rg8 $11) 18. Be3 Be7 19. a3 Ng7 20. b4 axb4 21. axb4 Rxa1 22. Qxa1 Nd3 23. Rb1 f5 24. Bf1 f4 25. Bxb6 fxg3+ 26. fxg3 Rf8 27. Bxd3 cxb6 (27... Rxf3 $11 28. Be2 Qf8) 28. Rf1 Nh5 29. Be2 Kg7 30. Qc1 Qc8 31. Ng1 Bg5 32. Rxf8 Qxf8 33. Qf1 Qc8 34. Qf3 Nf6 35. Qd3 h5 36. Bf3 Qa6 37. Nb5 Ne8 38. Be2 Qa4 39. Qc3 h4 40. gxh4 Bf4+ 41. Kh1 Qa2 42. Qf3 Qb2 43. Qg2 Qxb4 44. h5 (44. Bh5 $11) 44... g5 45. h4 $2 (45. Bg4 $11 Bxb5 46. cxb5) 45... Qe1 46. Bg4 Qxh4+ 47. Qh3 $19 Bxg4 0-1

[Event "Polish Youth Ekstraliga 2022"]
[Site "Lublin"]
[Date "2022.06.27"]
[Round "3.18"]
[White "Jaros, Emilia"]
[Black "Ziobrowska, Maja"]
[Result "0-1"]
[ECO "C47"]
[WhiteElo "1366"]
[BlackElo "1609"]
[Annotator "NA RC"]
[PlyCount "90"]
[EventDate "2022.06.24"]
[EventType "team-tourn"]
[EventCountry "POL"]
[SourceTitle "playchess.com"]
[Source "ChessBase"]
[SourceQuality "1"]
[TimeControl "40/5400+30:1800+30"]

1. e4 e5 2. Nf3 Nc6 3. Nc3 Nf6 4. a3 a6 5. d4 exd4 6. Nxd4 d5 7. Bg5 Be7 8. exd5 Nxd5 9. Nxc6 bxc6 10. Bxe7 Qxe7+ 11. Qe2 Nxc3 12. Qxe7+ Kxe7 13. bxc3 Be6 14. Bd3 a5 15. f4 Kf6 16. Be4 Rhd8 17. Rd1 Rd6 18. h3 Rb8 19. Ke2 Bf5 20. Bxf5 Kxf5 21. g4+ Kxf4 22. Rhf1+ Kg3 23. Rf3+ Kg2 24. Rxd6 Re8+ 25. Kd3 Kxf3 26. Rxc6 Re7 27. Rc5 Rd7+ 28. Kc4 g6 29. Rxa5 Kg3 30. Rd5 Rxd5 31. Kxd5 f5 32. gxf5 gxf5 33. a4 f4 34. a5 f3 35. Kd4 f2 36. a6 f1=Q 37. a7 Qg1+ 38. Ke4 Qxa7 39. c4 Qc5 40. Kd3 Kf3 41. c3 Qf5+ 42. Kd2 Qxh3 43. c5 Qg2+ 44. Kd3 Qe2+ 45. Kd4 Qe4# 0-1